 Dungeon Crawl Stone Soup version 0.30-a0-6-g7c9e10e132 (webtiles) character file.

Game seed: 12790376354818366168

77 Setbun the Cudgeller (level 4, 0/58 HPs)
             Began as a Minotaur Fighter on Aug 22, 2022.
             Succumbed to Robin's poison
             ... on level 3 of the Dungeon.
             The game lasted 00:01:31 (1780 turns).

Setbun the Cudgeller (Minotaur Fighter)             Turns: 1780, Time: 00:01:32

Health: 0/58       AC: 22    Str: 21 (23) XL:     4   Next: 13%
Magic:  3/3        EV:  2    Int:  4 (5)  God:
Gold:   103        SH:  4    Dex:  7 (9)  Spells: 3/3 levels left

rFire   . . .      SeeInvis .    a - +0 flail
rCold   . . .      Faith    .    c - +0 buckler
rNeg    . . .      Spirit   .    (body armour currently unavailable)
rPois   +          Reflect  .    (helmet currently unavailable)
rElec   .          Harm     .    (cloak currently unavailable)
rCorr   .          Rampage  .    (gloves currently unavailable)
Will    .....      NoTele   +    (boots currently unavailable)
Stlth   +.........               (no amulet)
HPRegen 0.19/turn                (no ring)
MPRegen 0.08/turn                (no ring)

@: brilliant, lethally poisoned (0 -> -1), tree-form
A: stationary, stasis, torment immunity, boosted hp, (horns 2), (retaliatory
headbutt)
a: no special abilities


You were on level 3 of the Dungeon.
You were a tree.
You visited 1 branch of the dungeon, and saw 3 of its levels.

You collected 103 gold pieces.

Inventory:

Hand Weapons
 a - a +0 flail (weapon)
Armour
 b - a +0 pair of gloves (melded)
 c - a +0 buckler (worn)
 g - a +0 chain mail
 p - a +2 ring mail of fire resistance (melded)
Scrolls
 e - 2 scrolls of identify {unknown}
 f - a scroll of blinking {unknown}
 h - a scroll of torment {unknown}
 i - 2 scrolls of amnesia {unknown}
 k - a scroll of enchant weapon {unknown}
 n - a scroll of brand weapon {unknown}
 o - a scroll of fear {unknown}
Potions
 d - a potion of might


   Skills:
 - Level 3.6 Fighting
 * Level 5.4 Maces & Flails
 - Level 3.6 Armour
 - Level 3.6 Shields


You had 3 spell levels left.
You didn't know any spells.
Your spell library was empty.

Dungeon Overview and Level Annotations

Branches:
Dungeon (3/15)

Altars:


Innate Abilities, Weirdness & Mutations

You are a tree.
Your roots penetrate the ground, keeping you stationary.
You cannot be teleported.
You are immune to unholy pain and torment.
Your maximum health is greatly increased.
Your equipment is partially melded.
((You have a pair of horns on your head.))
((You reflexively headbutt those who attack you in melee.))


Message History

You are too injured to fight recklessly!
You are too injured to fight recklessly!
You are too injured to fight recklessly!
You are too injured to fight recklessly!
You are too injured to fight recklessly!
Unknown command.
You sock Robin!
You kill Robin!
You feel very sick. The hobgoblin hits you.
* * * LOW HITPOINT WARNING * * *
You have reached level 4!
You feel stronger.
You closely miss the hobgoblin.
* * * LOW HITPOINT WARNING * * *
You feel sick. The hobgoblin hits you.
* * * LOW HITPOINT WARNING * * *
You closely miss the hobgoblin. You headbutt the hobgoblin.
The hobgoblin is heavily wounded.
* * * LOW HITPOINT WARNING * * *
You feel sick. The hobgoblin closely misses you.
You sock the hobgoblin!
You kill the hobgoblin!
* * * LOW HITPOINT WARNING * * *
You feel sick.
There is a lethal amount of poison in your body!
It was a potion of degeneration.
There was something very wrong with that liquid.
You feel weakened.
You feel dopey.
You feel clumsy.
* * * LOW HITPOINT WARNING * * *
You feel sick.
It was a potion of lignification.
You turn into a tree.
Your +0 pair of gloves melds into your body.
Your +2 ring mail of fire resistance melds into your body.
You feel less resistant to fire.
Your roots penetrate the ground.
* * * LOW HITPOINT WARNING * * *
You feel sick.
It was a potion of brilliance.
You feel clever all of a sudden.
You die...

...... ..#.. #
#.#.# #.##.#.#
.......# #
#...####...#
#...<......#
......#)####..##
##.## #♣# #)#
#.# ... ...
#.... #....
######


There were no monsters in sight!

Vanquished Creatures
  Ijyb (D:3)
  Robin (D:3)
  3 giant cockroaches
  12 goblins
  7 hobgoblins
  A quokka (D:1)
  2 ball pythons (D:2)
  2 bats (D:1)
  3 frilled lizards
  2 kobolds
  6 rats
40 creatures vanquished.

Notes
Turn   | Place    | Note
-------+----------+-------------------------------------------
     0 | D:1      | Setbun the Minotaur Fighter began the quest for the Orb.
     0 | D:1      | Reached XP level 1. HP: 19/19 MP: 0/0
   125 | D:1      | Reached skill level 3 in Maces & Flails
   273 | D:1      | Reached XP level 2. HP: 24/26 MP: 1/1
   344 | D:1      | Found a faded altar of an unknown god.
  1270 | D:2      | Reached skill level 4 in Maces & Flails
  1743 | D:3      | Noticed Robin
  1746 | D:3      | Noticed Ijyb
  1755 | D:3      | Killed Ijyb
  1756 | D:3      | Reached XP level 3. HP: 26/31 MP: 2/2
  1761 | D:3      | Reached skill level 5 in Maces & Flails
  1774 | D:3      | Killed Robin
  1775 | D:3      | Reached XP level 4. HP: 7/39 MP: 3/3
  1778 | D:3      | HP: 1/39 [poisoned by Robin]
  1780 | D:3      | Succumbed to Robin's poison

Illustrated notes

Levels and vault maps discovered:
D:1:      ncdulo_lavacross, layout_basic, ebering_ecumenical_altar_petrified
D:2:      layout_basic, nrook_mini_vaults
D:3:      layout_loops_ring, mainiacjoe_overflow_brackets,
          mainiacjoe_overflow_boulevard, overflow_temple_1_default,
          palyth_stone_intersect, minmay_misc_feat_tower, uniq_natasha,
          uniq_robin, uniq_ijyb

Skill      XL: |  1  2  3 |
---------------+----------+-----
Maces & Flails | 3 4 5 |  5.4
Fighting       | |  3.6
Armour         | |  3.6
Shields        | |  3.6

Action                   |  1- 3 |  4- 6 || total
-------------------------+-------+-------++-------
Melee: Flail             |    74 |     3 ||    77
       Headbutt          |     6 |     1 ||     7
  Use: Potion            |       |     3 ||     3
Armor: Scale mail        |    16 |       ||    16
       Chain mail        |    12 |       ||    12
       Ring mail         |    20 |       ||    20
Dodge: Dodged            |    30 |     1 ||    31
Block: Buckler           |    10 |       ||    10

Table legend: (Time is in decaauts)
 A = Elapsed time spent in this place.
 B = Non-inter-level travel time spent in this place.
 C = Inter-level travel time spent in this place.
 D = Time resting spent in this place.
 E = Time spent auto-exploring this place.
 F = Levels seen in this place.
 G = Mean time per level.
                   A        B        C        D        E       F      G
               +--------+--------+--------+--------+--------+-----+--------+
         Total |   1798 |   1686 |    112 |      0 |   1449 |   3 |  599.3 |
       Dungeon |   1798 |   1686 |    112 |      0 |   1449 |   3 |  599.3 |
               +--------+--------+--------+--------+--------+-----+--------+

Top non-repeatable levels by time:
     D:1: 891 daAuts
     D:2: 860 daAuts
     D:3: 46 daAuts
